 Dungeon Crawl Stone Soup version 0.24.0-123-gd5b16e6ec5 (webtiles) character file.

Game seed: 12943293741176220669, levelgen mode: deterministic

22 Chiseanne the Magician (level 2, -1/19 HPs)
             Began as a Demonspawn Wizard on Jan 22, 2020.
             Slain by a gnoll
             ... wielding a +0 flail
              (12 damage)
             ... on level 1 of the Dungeon.
             The game lasted 00:01:46 (1397 turns).

Chiseanne the Magician (Demonspawn Wizard)          Turns: 1397, Time: 00:01:47

Health: -1/19      AC:  2    Str:  7    XL:     2   Next: 68%
Magic:  0/6        EV: 12    Int: 19    God:
Gold:   68         SH:  0    Dex: 11    Spells: 6/7 levels left

rFire    . . .     SeeInvis .   o - +0 mace
rCold    . . .     Gourm    .   (no shield)
rNeg     . . .     Faith    .   a - +0 robe
rPois    .         Spirit   +   b - +0 hat
rElec    .         Reflect  .   (no cloak)
rCorr    .         Harm     .   (no gloves)
MR       .....                  (no boots)
Stlth    ++........             (no amulet)
HPRegen  0.06/turn              (no ring)
MPRegen  0.10/turn              (no ring)

@: no status effects
A: magic shield
a: no special abilities


You were on level 1 of the Dungeon.
You were not hungry.

You visited 1 branch of the dungeon, and saw 2 of its levels.

You collected 68 gold pieces.

Inventory:

Hand Weapons
 f - a +0 dagger
 h - a +0 short sword
 o - a +0 mace (weapon)
Missiles
 j - 14 stones (quivered)
 k - 16 sling bullets
 n - 23 bolts
Armour
 a - a +0 robe (worn)
 b - a +0 hat (worn)
Scrolls
 c - 2 scrolls of identify {unknown}
 i - a scroll of teleportation {unknown}
 m - a scroll of fear {unknown}
Potions
 e - a potion of magic {unknown}
 g - a potion of lignification {unknown}
 l - 2 potions of brilliance {unknown}
Comestibles
 d - 4 rations
 p - a chunk of flesh


   Skills:
 - Level 1.7 Dodging
 - Level 1.7 Stealth
 * Level 3.4 Spellcasting
 * Level 2.0 Conjurations
   Level 1.0 Summonings
   Level 0.8 Translocations


You had 6 spell levels left.
You knew the following spells:

 Your Spells              Type           Power        Failure   Level  Hunger
a - Magic Dart            Conj           ##..         6%          1    None

Your spell library contained the following spells:

 Spells                   Type           Power        Failure   Level  Hunger
 Call Imp                 Summ           #.......     14%         2    ##.....
 Blink                    Tloc           N/A          16%         2    ##.....
 Slow                     Hex            #.......     22%         2    ##.....
 Conjure Flame            Conj/Fire      #.......     28%         3    ###....
 Mephitic Cloud           Conj/Pois/Air  #.......     32%         3    ###....


Dungeon Overview and Level Annotations

Branches:
Dungeon (2/15)

Altars:


Innate Abilities, Weirdness & Mutations

When hurt, damage is shared between your health and your magic reserves.


Message History

Casting: Magic Dart (safe; 6% risk of failure)
Confirm with . or Enter, or press ? or * to list all spells.
You don't have enough magic to cast that spell.
Casting: Magic Dart (safe; 6% risk of failure)
Confirm with . or Enter, or press ? or * to list all spells.
You don't have enough magic to cast that spell.
Casting: Magic Dart (safe; 6% risk of failure)
Confirm with . or Enter, or press ? or * to list all spells.
You don't have enough magic to cast that spell.
Casting: Magic Dart (safe; 6% risk of failure)
Confirm with . or Enter, or press ? or * to list all spells.
You don't have enough magic to cast that spell.
You closely miss the gnoll.
The gnoll is almost dead.
The gnoll hits you with a +0 flail!
You barely miss the gnoll.
The gnoll is almost dead.
The gnoll misses you. The gnoll hits you with a +0 flail!
Ouch! That really hurt!
You die...

....'............>.........>.#
#.
....###.#.##.#.#..#.#.####...#
#. ....# #.#.#..#.#..#.#.#
#...# #. ....#
#.#.#..#.####.#.# #...# #.
##### #.#.#.........#.# #...#
#. #######.#.#..#......#.#
#...# #.
.....##.#.##.#####.##.#####.##
#. .....##.#......###......#
#.# ##
.....##.#.##+#.g@.###...#
#.##### .....##.###...###.#
#...# #.#.... .....##.......#
#.###)..###.#....
.....##..##†..#
#.#.........#^..)
#######..##...#
#.#.#########.... # #..##...#
#.#.............. # #..##...#
#.############### # #..######
#....# ########## #
#..###########.###.......##


You could see a gnoll.

Vanquished Creatures
  2 leopard geckos (D:1)
  A giant cockroach (D:1)
  A goblin (D:1)
  4 hobgoblins (D:1)
  2 jackals (D:1)
  2 bats (D:1)
  A frilled lizard (D:1)
  4 kobolds (D:1)
  A rat (D:1)
18 creatures vanquished.

Notes
Turn   | Place    | Note
-------+----------+-------------------------------------------
     0 | D:1      | Chiseanne the Demonspawn Wizard began the quest for the
                  | Orb.
     0 | D:1      | Reached XP level 1. HP: 13/13 MP: 4/4
   621 | D:1      | Gained mutation: When hurt, damage is shared between your
                  | health and your magic reserves. [demonic ancestry]
   621 | D:1      | Reached XP level 2. HP: 19/19 MP: 0/6
  1397 | D:1      | Slain by a gnoll

Levels and vault maps discovered:
D:1:      minmay_arrival_widening_spiral_wide, layout_basic
D:2:      layout_loops_corners, overflow_temple_1_default,
          grunt_gozag_breadcrumbs, zin_angel, first_ration,
          minmay_misc_feat_five

Skill      XL: |  1  2 |
---------------+-------+-----
Conjurations   | 2 |  2.0
Dodging        | |  1.7
Stealth        | |  1.7
Spellcasting   | |  3.4
Summonings     | |  1.0
Translocations | |  0.8

Action                   || total
-------------------------++-------
Melee: Unarmed           ||     6
       Short sword       ||     2
       Mace              ||     3
 Cast: Magic Dart        ||    56
  Eat: Chunk             ||     1
Armor: Robe              ||     2
Dodge: Dodged            ||     8
